 Dungeon Crawl Stone Soup version 0.28.0-43-g3370ac3207 (webtiles) character file.

Game seed: 18279830229731411293

204 jimonade the Shield-Bearer (level 5, -9/43 HPs)
             Began as a Gnoll Wanderer on Mar 19, 2022.
             Killed by nerve-wracking pain
             ... invoked by an orc priest
              (10 damage)
             ... on level 4 of the Dungeon.
             The game lasted 00:07:07 (2589 turns).

jimonade the Shield-Bearer (Gnoll Wanderer)         Turns: 2589, Time: 00:07:08

Health: -9/43      AC:  7    Str: 10    XL:     5   Next: 82%
Magic:  7/7        EV: 10    Int:  8    God:
Gold:   132        SH:  0    Dex: 18    Spells: 7/7 levels left

rFire   . . .      SeeInvis .   h - +6 dagger
rCold   . . .      Faith    .   b - +2 buckler
rNeg    . . .      Spirit   .   c - +0 ring mail
rPois   .          Reflect  .   (no helmet)
rElec   .          Harm     .   m - +0 cloak
rCorr   .          Rampage  .   (no gloves)
Will    .....                   (no boots)
Stlth   ..........              (no amulet)
HPRegen 0.14/turn               (no ring)
MPRegen 0.10/turn               (no ring)

@: confused
A: fangs 1, strong nose, distributed training
a: no special abilities


You were on level 4 of the Dungeon.
You visited 1 branch of the dungeon, and saw 4 of its levels.

You collected 132 gold pieces.

Inventory:

Hand Weapons
 h - a +6 dagger (weapon)
 k - a +1 dagger of venom
 s - a +0 short sword of freezing
Missiles
 a - 5 datura-tipped darts
 f - 14 poisoned darts (quivered)
 l - 38 stones
 o - 22 sling bullets
Armour
 b - a +2 buckler (worn)
 c - a +0 ring mail (worn)
 m - a +0 cloak (worn)
Scrolls
 d - a scroll of silence {unknown}
 e - a scroll of fog {unknown}
 g - a scroll of magic mapping {unknown}
 i - a scroll of identify {unknown}
 n - a scroll of acquirement {unknown}
 r - a scroll of teleportation {unknown}
Potions
 j - a potion of lignification {unknown}
 p - a potion of flight {unknown}
 q - a potion of curing {unknown}
 t - a potion of might {unknown}


   Skills:
 + Level 4.8 Fighting
 + Level 4.8 Short Blades
 + Level 1.6 Long Blades
 + Level 1.6 Axes
 + Level 1.6 Maces & Flails
 + Level 1.6 Polearms
 + Level 1.6 Staves
 + Level 1.6 Slings
 + Level 1.6 Bows
 + Level 1.6 Crossbows
 + Level 1.6 Throwing
 + Level 4.8 Armour
 + Level 1.6 Dodging
 + Level 2.9 Stealth
 + Level 6.7 Shields
 + Level 1.6 Unarmed Combat
 + Level 1.6 Spellcasting
 + Level 1.3 Conjurations
 + Level 1.3 Hexes
 + Level 1.3 Summonings
 + Level 1.3 Necromancy
 + Level 1.3 Translocations
 + Level 1.3 Transmutations
 + Level 1.3 Fire Magic
 + Level 1.3 Ice Magic
 + Level 1.3 Air Magic
 + Level 1.3 Earth Magic
 + Level 1.3 Poison Magic
 + Level 1.9 Invocations
 + Level 1.6 Evocations


You had 7 spell levels left.
You didn't know any spells.
Your spell library was empty.

Dungeon Overview and Level Annotations

Branches:
Dungeon (4/15)
 Temple: D:4-7

Altars:


Innate Abilities, Weirdness & Mutations

You have very sharp teeth.
Your uncanny sense of smell can sniff out nearby items.
Your experience applies equally to all skills.


Message History

The orc hits you with a +0 whip.
You're too confused to move!
You feel less confused.
You hear some strange, mumbled words.
You are confused.
The orc priest hits you with a +0 club. The orc closely misses you.
You bump into the rock wall.
Something hits you.
The orc priest hits you but does no damage.
The orc hits you with a +0 whip.
You hit the orc priest but do no damage.
The orc priest is lightly wounded.
Something hits you. The orc priest hits you with a +0 club.
You're too confused to move!
The orc closely misses you. Something hits you.
The orc priest hits you but does no damage.
You hit the orc. You bite the orc.
The orc is almost dead.
The orc closely misses you.
You hear some strange, mumbled words.
You are more confused.
The orc priest hits you with a +0 club.
* * * LOW HITPOINT WARNING * * *
You bump into the rock wall.
The orc hits you but does no damage. Something hits you.
* * * LOW HITPOINT WARNING * * *
The orc priest hits you with a +0 club.
* * * LOW HITPOINT WARNING * * *
You bump into the rock wall.
The orc misses you. Something hits you but does no damage.
The orc priest hits you with a +0 club.
* * * LOW HITPOINT WARNING * * *
You bump into the rock wall.
The orc hits you with a +0 whip.
* * * LOW HITPOINT WARNING * * *
Something hits you but does no damage. The orc priest barely misses you.
You bump into the rock wall.
The orc hits you with a +0 whip.
* * * LOW HITPOINT WARNING * * *
Something hits you but does no damage. The orc priest closely misses you.
You bump into the rock wall.
The orc misses you. Something hits you but does no damage.
The orc priest mumbles some strange prayers to Beogh against you.
Pain shoots through your body!
You die...

###.....#........#
#...........####.##
#.#.....#.#...).[<.
#.##...#.#..####.##
#.###.#.###.# #...
#.# #..## ##.# ####
#.# ###.# ##
#..####o## #.#
.....Joo@# #.
#.#..###{# ....
#... #.# #..$.. #
..##### ###


You could see an orc priest, 2 orcs and an endoplasm.

Vanquished Creatures
  Jessica (D:2)
  An orc wizard (D:4)
  3 gnolls (D:4)
  4 adders (D:2)
  A worm (D:2)
  2 dart slugs
  9 orcs
  5 endoplasms
  A giant cockroach (D:1)
  7 goblins
  2 hobgoblins
  7 jackals
  3 kobolds (D:3)
  6 quokkas
  4 ball pythons
  9 bats
  2 frilled lizards
  4 rats
71 creatures vanquished.

Notes
Turn   | Place    | Note
-------+----------+-------------------------------------------
     0 | D:1      | jimonade the Gnoll Wanderer began the quest for the Orb.
     0 | D:1      | jimonade set off with the following items: a +0 short
                  | sword, a +2 buckler, a +0 ring mail
     0 | D:1      | Reached XP level 1. HP: 20/20 MP: 1/1
   293 | D:1      | Reached XP level 2. HP: 23/26 MP: 2/2
   678 | D:2      | Reached XP level 3. HP: 20/31 MP: 3/3
   872 | D:2      | Reached skill level 1 in Invocations
   942 | D:2      | Noticed Jessica
   951 | D:2      | Killed Jessica
   952 | D:2      | Reached skill level 1 in Long Blades
   952 | D:2      | Reached skill level 1 in Axes
   952 | D:2      | Reached skill level 1 in Maces & Flails
   952 | D:2      | Reached skill level 1 in Polearms
   952 | D:2      | Reached skill level 1 in Staves
   952 | D:2      | Reached skill level 1 in Slings
   952 | D:2      | Reached skill level 1 in Bows
   952 | D:2      | Reached skill level 1 in Crossbows
   952 | D:2      | Reached skill level 1 in Throwing
   952 | D:2      | Reached skill level 1 in Dodging
   952 | D:2      | Reached skill level 1 in Unarmed Combat
   952 | D:2      | Reached skill level 1 in Spellcasting
   952 | D:2      | Reached skill level 1 in Evocations
   952 | D:2      | Reached XP level 4. HP: 22/38 MP: 5/5
  1282 | D:2      | Found a faded altar of an unknown god.
  1349 | D:2      | Reached skill level 1 in Conjurations
  1349 | D:2      | Reached skill level 1 in Hexes
  1349 | D:2      | Reached skill level 1 in Summonings
  1349 | D:2      | Reached skill level 1 in Necromancy
  1349 | D:2      | Reached skill level 1 in Translocations
  1349 | D:2      | Reached skill level 1 in Transmutations
  1349 | D:2      | Reached skill level 1 in Fire Magic
  1349 | D:2      | Reached skill level 1 in Ice Magic
  1349 | D:2      | Reached skill level 1 in Air Magic
  1349 | D:2      | Reached skill level 1 in Earth Magic
  1349 | D:2      | Reached skill level 1 in Poison Magic
  1753 | D:3      | Reached XP level 5. HP: 40/43 MP: 6/6
  2587 | D:4      | HP: 1/43 [orc/+0 whip (2)]
  2589 | D:4      | Killed from afar by an orc priest

Illustrated notes

Levels and vault maps discovered:
D:1:      moated_graveyard_arrival, layout_rooms
D:2:      layout_rooms, nicolae_ecumenical_snake_handling, uniq_jessica
D:3:      layout_rooms, kennysheep_generic_room_7
D:4:      layout_loops_ring

Skill      XL: |  1  2  3  4 |
---------------+-------------+-----
Invocations    | 1 |  1.9
Long Blades    | 1 |  1.6
Axes           | 1 |  1.6
Maces & Flails | 1 |  1.6
Polearms       | 1 |  1.6
Staves         | 1 |  1.6
Slings         | 1 |  1.6
Bows           | 1 |  1.6
Crossbows      | 1 |  1.6
Throwing       | 1 |  1.6
Dodging        | 1 |  1.6
Unarmed Combat | 1 |  1.6
Spellcasting   | 1 |  1.6
Evocations     | 1 |  1.6
Conjurations   | 1 |  1.3
Hexes          | 1 |  1.3
Summonings     | 1 |  1.3
Necromancy     | 1 |  1.3
Translocations | 1 |  1.3
Transmutations | 1 |  1.3
Fire Magic     | 1 |  1.3
Ice Magic      | 1 |  1.3
Air Magic      | 1 |  1.3
Earth Magic    | 1 |  1.3
Poison Magic   | 1 |  1.3
Fighting       | |  4.8
Short Blades   | |  4.8
Armour         | |  4.8
Stealth        | |  2.9
Shields        | |  6.7

Action                   |  1- 3 |  4- 6 || total
-------------------------+-------+-------++-------
Melee: Short sword       |   106 |       ||   106
       Bite              |    13 |    10 ||    23
       Dagger            |    35 |   121 ||   156
 Stab: Sleeping          |     4 |     2 ||     6
Armor: Ring mail         |    33 |    49 ||    82
Dodge: Dodged            |    46 |    39 ||    85
Block: Buckler           |    43 |    36 ||    79
